[ AOE2 MATCH · #505984812 ]
UnrankedTeutons vs Hindustanis
Player's team · WIN
[ REPLAY ANALYSIS · EXTRACTED FROM THE RECORDED GAME ]
Feudal
9:16
Castle
22:46
Imperial
—
| APM avg | 81.1 |
| APM peak | 127 |
| eAPM avg | 31.6 |
| Villagers / military | 118 / 76 |
Focus
⚔️ 52.6% · 🌾 47.4%
Archer ×55 · Skirmisher ×11 · Monk ×3 · Militia ×3 · Mangonel ×2 · Spearman ×2
Feudal
8:29
Castle
22:59
Imperial
—
| APM avg | 45.1 |
| APM peak | 73 |
| eAPM avg | 25.5 |
| Villagers / military | 83 / 45 |
Focus
⚔️ 53.3% · 🌾 46.7%
Ghulam ×17 · Skirmisher ×11 · Mangonel ×6 · Scout Cavalry ×6 · Archer ×4 · Armored Elephant ×1
Match map
Initial resources + every placement click. Lines = walls · curves = elevation contours. ◆ gold · ⬟ stone · ● berries · ✦ relic · ◌ wall gap
Your base· ✓ Closed at 22:46 · 34t walls · 1 gate(s)
CORP_Leugim's base· ✓ Closed at 22:59 · 44t walls · 1 gate(s)
Smoothed initial terrain · ◌ = detected wall gap · hover for details
Inputs per minute
— DS_Laura - - CORP_Leugim
Build order — DS_Laura
First 150 of 302 actions detected
| 0:01 | Create | Villager (Male) |
| 0:01 | Create | Villager (Male) |
| 0:01 | Create | Villager (Male) |
| 0:02 | Create | Villager (Male) |
| 0:04 | Build | House |
| 0:05 | Build | House |
| 1:25 | Create | Villager (Male) |
| 1:51 | Create | Villager (Male) |
| 2:07 | Build | Lumber Camp |
| 2:16 | Create | Villager (Male) |
| 2:45 | Create | Villager (Male) |
| 2:45 | Create | Villager (Male) |
| 3:08 | Create | Villager (Male) |
| 3:33 | Create | Villager (Male) |
| 3:51 | Build | House |
| 4:09 | Create | Villager (Male) |
| 4:10 | Create | Villager (Male) |
| 4:10 | Create | Villager (Male) |
| 5:07 | Build | Barracks |
| 5:16 | Create | Villager (Male) |
| 5:17 | Create | Villager (Male) |
| 5:36 | Build | House |
| 6:04 | Create | Villager (Male) |
| 6:20 | Build | Palisade Wall |
| 6:22 | Build | Palisade Wall |
| 6:32 | Research | Loom |
| 6:50 | Build | Palisade Wall |
| 7:04 | Research | Feudal Age |
| 7:35 | Create | Militia |
| 7:45 | Build | Palisade Gate |
| 7:52 | Create | Militia |
| 8:00 | Build | Mining Camp |
| 8:28 | Create | Militia |
| 8:29 | Create | Villager (Male) |
| 8:30 | Create | Villager (Male) |
| 8:37 | Build | Mill |
| 8:56 | Create | Villager (Male) |
| 9:16 | Age | Feudal Age |
| 9:30 | Research | Man-at-Arms (upgrade) |
| 9:35 | Build | Archery Range |
| 9:36 | Create | Villager (Male) |
| 9:42 | Build | Farm |
| 9:43 | Build | Farm |
| 9:45 | Build | Farm |
| 9:56 | Build | Palisade Wall |
| 9:58 | Build | Palisade Wall |
| 10:07 | Build | Farm |
| 10:14 | Create | Villager (Male) |
| 10:17 | Build | House |
| 11:02 | Create | Villager (Male) |
| 11:02 | Create | Villager (Male) |
| 11:04 | Create | Archer |
| 11:18 | Create | Villager (Male) |
| 11:20 | Build | Farm |
| 11:22 | Build | Farm |
| 11:28 | Create | Villager (Male) |
| 11:32 | Build | House |
| 11:33 | Build | Palisade Wall |
| 11:42 | Create | Villager (Male) |
| 12:01 | Build | Farm |
| 12:02 | Build | Farm |
| 12:18 | Create | Villager (Male) |
| 12:22 | Build | Farm |
| 12:23 | Create | Archer |
| 12:23 | Create | Archer |
| 12:26 | Create | Villager (Male) |
| 12:28 | Build | House |
| 12:32 | Create | Archer |
| 12:40 | Create | Villager (Male) |
| 12:45 | Build | Palisade Wall |
| 12:48 | Create | Spearman |
| 12:52 | Research | Double-Bit Axe |
| 12:58 | Build | House |
| 13:07 | Create | Archer |
| 13:12 | Build | House |
| 13:15 | Create | Villager (Male) |
| 13:27 | Create | Villager (Male) |
| 13:32 | Create | Villager (Male) |
| 13:34 | Build | Farm |
| 13:39 | Create | Archer |
| 13:45 | Build | Palisade Gate |
| 13:59 | Create | Villager (Male) |
| 14:03 | Build | House |
| 14:06 | Create | Villager (Male) |
| 14:09 | Build | Farm |
| 14:11 | Create | Archer |
| 14:19 | Create | Villager (Male) |
| 14:24 | Create | Villager (Male) |
| 14:25 | Create | Villager (Male) |
| 14:38 | Create | Archer |
| 14:39 | Create | Villager (Male) |
| 14:46 | Create | Villager (Male) |
| 14:47 | Create | Villager (Male) |
| 14:48 | Create | Villager (Male) |
| 14:50 | Build | Blacksmith |
| 15:12 | Create | Villager (Male) |
| 15:13 | Create | Villager (Male) |
| 15:15 | Create | Villager (Male) |
| 15:16 | Create | Villager (Male) |
| 15:18 | Build | Farm |
| 15:28 | Create | Villager (Male) |
| 15:28 | Create | Archer |
| 15:32 | Create | Archer |
| 15:39 | Research | Fletching |
| 16:03 | Create | Villager (Male) |
| 16:04 | Create | Villager (Male) |
| 16:05 | Build | Farm |
| 16:07 | Build | Farm |
| 16:08 | Create | Villager (Male) |
| 16:17 | Create | Villager (Male) |
| 16:18 | Create | Archer |
| 16:33 | Create | Villager (Male) |
| 16:36 | Create | Villager (Male) |
| 16:37 | Create | Archer |
| 16:43 | Create | Villager (Male) |
| 16:53 | Create | Villager (Male) |
| 17:01 | Create | Archer |
| 17:02 | Create | Villager (Male) |
| 17:03 | Create | Villager (Male) |
| 17:05 | Build | Archery Range |
| 17:08 | Build | Farm |
| 17:08 | Create | Villager (Male) |
| 17:11 | Create | Villager (Male) |
| 17:12 | Create | Villager (Male) |
| 17:13 | Create | Villager (Male) |
| 17:14 | Create | Villager (Male) |
| 17:27 | Build | Watch Tower |
| 17:36 | Create | Spearman |
| 17:36 | Create | Villager (Male) |
| 17:44 | Create | Villager (Male) |
| 17:46 | Create | Villager (Male) |
| 17:52 | Create | Archer |
| 17:52 | Create | Archer |
| 17:52 | Create | Archer |
| 18:06 | Create | Villager (Male) |
| 18:09 | Build | Watch Tower |
| 18:25 | Research | Wheelbarrow |
| 18:27 | Create | Skirmisher |
| 18:27 | Create | Skirmisher |
| 18:28 | Build | House |
| 18:50 | Create | Archer |
| 18:50 | Create | Archer |
| 19:16 | Create | Skirmisher |
| 19:16 | Create | Skirmisher |
| 19:39 | Build | House |
| 19:39 | Create | Villager (Male) |
| 19:41 | Create | Villager (Male) |
| 19:41 | Create | Villager (Male) |
| 19:44 | Build | Mining Camp |
| 19:44 | Create | Villager (Male) |
Build order — CORP_Leugim
First 150 of 245 actions detected
| 0:01 | Create | Villager (Male) |
| 0:02 | Build | House |
| 0:02 | Build | House |
| 0:15 | Create | Villager (Male) |
| 0:15 | Create | Villager (Male) |
| 0:15 | Create | Villager (Male) |
| 1:02 | Create | Villager (Male) |
| 1:02 | Create | Villager (Male) |
| 1:03 | Create | Villager (Male) |
| 1:31 | Create | Villager (Male) |
| 2:01 | Create | Villager (Male) |
| 2:01 | Create | Villager (Male) |
| 2:04 | Build | Lumber Camp |
| 2:17 | Create | Villager (Male) |
| 2:17 | Create | Villager (Male) |
| 2:53 | Create | Villager (Male) |
| 2:53 | Create | Villager (Male) |
| 3:04 | Create | Villager (Male) |
| 3:05 | Create | Villager (Male) |
| 3:56 | Build | House |
| 4:05 | Create | Villager (Male) |
| 4:05 | Create | Villager (Male) |
| 4:06 | Create | Villager (Male) |
| 4:06 | Create | Villager (Male) |
| 4:23 | Build | Palisade Wall |
| 4:41 | Create | Villager (Male) |
| 4:41 | Create | Villager (Male) |
| 4:58 | Create | Villager (Male) |
| 5:00 | Build | Mill |
| 5:25 | Create | Villager (Male) |
| 5:26 | Research | Loom |
| 6:19 | Research | Feudal Age |
| 6:19 | Research | Feudal Age |
| 7:06 | Build | Barracks |
| 7:43 | Build | Palisade Wall |
| 7:43 | Build | Palisade Wall |
| 8:19 | Build | Palisade Wall |
| 8:21 | Create | Villager (Male) |
| 8:29 | Age | Feudal Age |
| 8:30 | Build | Stable |
| 8:32 | Research | Double-Bit Axe |
| 8:40 | Build | House |
| 8:42 | Build | Palisade Wall |
| 8:49 | Build | Palisade Wall |
| 8:56 | Create | Villager (Male) |
| 9:14 | Create | Scout Cavalry |
| 9:14 | Create | Scout Cavalry |
| 9:18 | Create | Villager (Male) |
| 9:19 | Create | Villager (Male) |
| 9:31 | Build | House |
| 9:38 | Build | Palisade Wall |
| 9:41 | Build | Palisade Wall |
| 9:42 | Build | Palisade Wall |
| 9:44 | Create | Villager (Male) |
| 9:51 | Build | Farm |
| 9:53 | Build | Farm |
| 10:12 | Create | Villager (Male) |
| 10:16 | Build | Palisade Wall |
| 10:18 | Build | House |
| 10:20 | Build | House |
| 10:24 | Build | Palisade Wall |
| 10:28 | Build | House |
| 10:35 | Create | Scout Cavalry |
| 10:35 | Create | Scout Cavalry |
| 10:57 | Create | Villager (Male) |
| 10:58 | Create | Villager (Male) |
| 11:08 | Build | House |
| 11:17 | Build | Farm |
| 11:22 | Build | Palisade Wall |
| 11:24 | Build | Palisade Wall |
| 11:26 | Build | Palisade Wall |
| 11:30 | Build | Farm |
| 11:37 | Build | House |
| 11:47 | Build | House |
| 11:55 | Create | Scout Cavalry |
| 11:58 | Create | Villager (Male) |
| 12:00 | Build | Farm |
| 12:10 | Build | House |
| 12:13 | Create | Villager (Male) |
| 12:16 | Create | Villager (Male) |
| 12:26 | Create | Villager (Male) |
| 12:32 | Build | Farm |
| 12:37 | Build | Palisade Wall |
| 12:47 | Build | Palisade Gate |
| 12:49 | Create | Villager (Male) |
| 12:52 | Build | Farm |
| 12:52 | Create | Villager (Male) |
| 13:03 | Build | Archery Range |
| 13:19 | Create | Villager (Male) |
| 13:32 | Build | Mining Camp |
| 13:43 | Create | Villager (Male) |
| 13:53 | Create | Villager (Male) |
| 14:08 | Build | House |
| 14:14 | Create | Skirmisher |
| 14:15 | Create | Skirmisher |
| 14:30 | Create | Skirmisher |
| 14:42 | Create | Skirmisher |
| 15:03 | Create | Skirmisher |
| 15:06 | Create | Villager (Male) |
| 15:11 | Create | Villager (Male) |
| 15:13 | Build | Farm |
| 15:31 | Build | Farm |
| 15:32 | Create | Skirmisher |
| 15:47 | Create | Villager (Male) |
| 15:50 | Build | Blacksmith |
| 16:05 | Create | Scout Cavalry |
| 16:08 | Create | Skirmisher |
| 16:08 | Create | Skirmisher |
| 16:16 | Build | Farm |
| 16:17 | Build | Farm |
| 16:34 | Research | Fletching |
| 16:36 | Create | Archer |
| 16:36 | Create | Archer |
| 16:58 | Create | Villager (Male) |
| 17:01 | Build | Farm |
| 17:04 | Build | Farm |
| 17:05 | Build | Farm |
| 17:06 | Build | Farm |
| 17:13 | Create | Archer |
| 17:17 | Create | Villager (Male) |
| 17:20 | Build | Farm |
| 17:27 | Build | Palisade Wall |
| 17:39 | Build | Farm |
| 17:46 | Create | Villager (Male) |
| 17:49 | Create | Skirmisher |
| 17:50 | Create | Skirmisher |
| 17:51 | Create | Villager (Male) |
| 18:06 | Research | Padded Archer Armor |
| 18:08 | Create | Skirmisher |
| 18:17 | Create | Villager (Male) |
| 18:18 | Create | Villager (Male) |
| 18:38 | Create | Archer |
| 19:20 | Build | Watch Tower |
| 19:26 | Create | Villager (Male) |
| 19:31 | Build | Mining Camp |
| 19:38 | Create | Villager (Male) |
| 19:48 | Build | Market |
| 20:00 | Build | House |
| 20:01 | Build | Palisade Wall |
| 20:19 | Research | Castle Age |
| 20:20 | Research | Castle Age |
| 20:20 | Research | Castle Age |
| 20:36 | Create | Villager (Male) |
| 21:01 | Build | Stable |
| 21:12 | Build | Stable |
| 21:51 | Build | Palisade Wall |
| 21:57 | Research | Scale Barding Armor |
| 22:15 | Build | Farm |
| 22:19 | Build | Farm |
| 22:30 | Build | Lumber Camp |
Match timeline
| 4:23 | CORP_Leugim · wall_segment Palisade Wall x7 |
| 5:07 | DS_Laura · first_building Barracks |
| 6:20 | DS_Laura · wall_segment Palisade Wall x4 |
| 6:22 | DS_Laura · wall_segment Palisade Wall x2 |
| 6:50 | DS_Laura · wall_segment Palisade Wall x11 |
| 7:06 | CORP_Leugim · first_building Barracks |
| 7:43 | CORP_Leugim · wall_segment Palisade Wall x1 |
| 7:43 | CORP_Leugim · wall_segment Palisade Wall x1 |
| 8:19 | CORP_Leugim · wall_segment Palisade Wall x1 |
| 8:29 | CORP_Leugim · age_up feudal |
| 8:30 | CORP_Leugim · first_building Stable |
| 8:42 | CORP_Leugim · wall_segment Palisade Wall x8 |
| 8:49 | CORP_Leugim · wall_segment Palisade Wall x4 |
| 9:16 | DS_Laura · age_up feudal |
| 9:35 | DS_Laura · first_building Archery Range |
| 9:38 | CORP_Leugim · wall_segment Palisade Wall x1 |
| 9:41 | CORP_Leugim · wall_segment Palisade Wall x1 |
| 9:42 | CORP_Leugim · wall_segment Palisade Wall x1 |
| 9:56 | DS_Laura · wall_segment Palisade Wall x1 |
| 9:58 | DS_Laura · wall_segment Palisade Wall x1 |
| 10:16 | CORP_Leugim · wall_segment Palisade Wall x4 |
| 10:24 | CORP_Leugim · wall_segment Palisade Wall x1 |
| 11:22 | CORP_Leugim · wall_segment Palisade Wall x4 |
| 11:24 | CORP_Leugim · wall_segment Palisade Wall x1 |
| 11:26 | CORP_Leugim · wall_segment Palisade Wall x1 |
| 11:33 | DS_Laura · wall_segment Palisade Wall x6 |
| 12:37 | CORP_Leugim · wall_segment Palisade Wall x1 |
| 12:45 | DS_Laura · wall_segment Palisade Wall x10 |
| 13:03 | CORP_Leugim · first_building Archery Range |
| 17:27 | CORP_Leugim · wall_segment Palisade Wall x4 |
| 20:01 | CORP_Leugim · wall_segment Palisade Wall x7 |
| 21:51 | CORP_Leugim · wall_segment Palisade Wall x1 |
| 22:46 | DS_Laura · age_up castle |
| 22:55 | DS_Laura · first_building Siege Workshop |
| 22:59 | CORP_Leugim · age_up castle |
| 23:02 | CORP_Leugim · first_building Siege Workshop |
| 24:00 | CORP_Leugim · first_building Castle |
| 25:14 | CORP_Leugim · first_market_buy 100 food |
| 25:38 | DS_Laura · first_building Monastery |
| 29:14 | CORP_Leugim · first_market_sell 100 stone |
| 30:06 | DS_Laura · first_market_buy 100 wood |
| 34:25 | CORP_Leugim · resign |
[ AI ANALYSIS · 1 CREDIT ]
What really happened in this match?
Wolo.gg analyzes every decision: build order, eco, micro, common mistakes by bracket. Personalized analysis on WhatsApp or Discord in 30 seconds.
Civ guide
Teutons
Perfil
Jugador #543349